 Dungeon Crawl Stone Soup version 0.26-a0-597-gb535b0901c (webtiles) character file.

Game seed: 18214990865421647044

2109 Lanoc the Destroyer (level 9, -15/45 HPs)
             Began as a Deep Elf Conjurer on Sept 10, 2020.
             Was a Priest of Uskayaw.
             Demolished by an orc warrior
             ... wielding a +0 battleaxe
              (19 damage)
             ... on level 6 of the Dungeon.
             The game lasted 00:07:56 (4614 turns).

Lanoc the Destroyer (Deep Elf Conjurer)             Turns: 4614, Time: 00:07:57

Health: -15/45     AC:  6    Str:  7    XL:     9   Next: 7%
Magic:  4/19       EV: 16    Int: 27    God:    Uskayaw [***...]
Gold:   220        SH:  0    Dex: 13    Spells: 16/19 levels left

rFire    + . .     SeeInvis +   s - +6 flail "Banisher" {elec, rF+ Str+3}
rCold    . . .     Faith    .   (no shield)
rNeg     . . .     Spirit   .   a - +0 robe
rPois    .         Reflect  .   (no helmet)
rElec    .         Harm     .   (no cloak)
rCorr    .                      (no gloves)
MR       .....                  (no boots)
Stlth    ++........             (no amulet)
HPRegen  0.15/turn              b - ring of see invisible
MPRegen  0.16/turn              i - +4 ring of protection

@: no status effects
A: no striking features
a: Stomp, Line Pass, Renounce Religion


You were on level 6 of the Dungeon.
You worshipped Uskayaw.
Uskayaw was noncommittal.
You visited 2 branches of the dungeon, and saw 7 of its levels.

You collected 220 gold pieces.

Inventory:

Hand Weapons
 s - the +6 flail "Banisher" (weapon) {elec, rF+ Str+3}
   (You found it on level 4 of the Dungeon)

   Occasionally, upon striking a foe, it will discharge some electrical energy
   and cause terrible harm.
   It affects your strength (+3).
   It protects you from fire.
Missiles
 y - a throwing net (quivered)
Armour
 a - a +0 robe (worn)
Jewellery
 b - a ring of see invisible (left hand)
 i - a +4 ring of protection (right hand)
Wands
 n - a wand of polymorph (16)
Scrolls
 c - 3 scrolls of remove curse {unknown}
 d - 2 scrolls of amnesia {unknown}
 f - 3 scrolls of teleportation
 g - a scroll of fog {unknown}
 h - a scroll of enchant armour {unknown}
 o - a scroll of fear {unknown}
 p - a scroll of magic mapping {unknown}
 r - 5 scrolls of identify {unknown}
 t - a scroll of enchant weapon {unknown}
Potions
 e - 2 potions of might {unknown}
 j - 3 potions of degeneration {unknown}
 k - a potion of mutation {unknown}
 l - a potion of lignification {unknown}
 m - a potion of berserk rage {unknown}
 q - 2 potions of haste {unknown}
 u - 2 potions of stabbing {unknown}
 v - a potion of cancellation {unknown}
 x - 2 potions of magic {unknown}


   Skills:
 + Level 7.4 Dodging
 - Level 2.4 Stealth
 - Level 5.5 Spellcasting
 * Level 10.2 Conjurations
 + Level 5.2 Invocations


You had 16 spell levels left.
You knew the following spells:

 Your Spells              Type           Power        Failure   Level
a - Magic Dart            Conj           ####         1%          1
b - Searing Ray           Conj           ######       1%          2

Your spell library contained the following spells:

 Spells                   Type           Power        Failure   Level
 Dazzling Flash           Conj/Hex       #####.       2%          3
 Animate Skeleton         Necr           #.....       7%          1
 Pain                     Necr           #...         7%          1
 Fulminant Prism          Conj/Hex       #####.....   9%          4
 Iskenderun's Mystic Bla  Conj/Tloc      #####...     9%          4
 Vampiric Draining        Necr           #.........   21%         3
 Animate Dead             Necr           #.........   56%         4
 Agony                    Necr           #.......     88%         5


Dungeon Overview and Level Annotations

Branches:
Dungeon (6/15)             Temple (1/1) D:4

Altars:
Ashenzari
Cheibriados
Dithmenos
Fedhas
Hepliaklqana
Makhleb
Sif Muna
Trog
Uskayaw
Xom
Yredelemnul
Zin


Message History

The orc priest is almost dead.
The orc warrior is no longer paralysed.
The orc priest is no longer paralysed.
The orc priest mumbles some strange prayers to Beogh against you.
Pain shoots through your body!
The orc warrior hits you with a +0 battleaxe!
* * * LOW HITPOINT WARNING * * *
The searing ray misses the orc priest.
You finish channeling your searing ray.
The orc priest calls upon Beogh to heal the orc warrior.
The orc warrior is healed somewhat.
The orc warrior barely misses you.
Okay, then.
Okay, then.
Casting: Searing Ray (safe; 1% risk of failure)
Confirm with . or Enter, or press ? or * to list all spells.
Press: ? - help, Shift-Dir - straight line, f - orc priest, p - orc warrior
Aim: an orc priest, wielding a +0 trident and wearing a +0 chain mail (almost dead)
The searing ray hits the orc priest!
You kill the orc priest! (Press . to maintain the ray.)
The orc warrior hits you with a +0 battleaxe!!
You die...

####### # #.....#####..##
######## #.###.#@.))....
.......# #.# #.#o#######
.......###.###.#.######
........................
.......#######.#........
.......# #.####.########
###'#..# #.# #....#...##
.##....#######.####).#.#....#
.##.#.......##.......#.'....#
#


You could see an orc warrior.

Vanquished Creatures
  A troll (D:6)
  Grinder (D:3)
  6 yaks (D:5)
  Purgy (D:4)
  An ogre (D:6)
  Blork the orc (D:4)
  A bullfrog (D:6)
  2 scorpions
  3 hounds (D:4)
  An orc wizard (D:6)
  An orc priest (D:6)
  Ijyb (D:3)
  Natasha (thrice) (D:3)
  2 worker ants
  A hound skeleton (D:5)
  A worker ant zombie (D:5)
  7 adders
  A shadow imp (D:5)
  An ufetubus (D:6)
  An ooze (D:2)
  An adder skeleton (D:4)
  5 leopard geckos
  8 orcs
  3 giant cockroaches
  2 goblins
  3 hobgoblins
  7 jackals
  9 kobolds
  A quokka (D:4)
  A ball python (D:3)
  A bat (D:2)
  4 frilled lizards
  A quokka zombie (D:5)
  7 rats
90 creatures vanquished.

Notes
Turn   | Place    | Note
-------+----------+-------------------------------------------
     0 | D:1      | Lanoc the Deep Elf Conjurer began the quest for the Orb.
     0 | D:1      | Reached XP level 1. HP: 10/10 MP: 6/6
   319 | D:1      | Reached XP level 2. HP: 15/15 MP: 1/8
   331 | D:1      | Learned a level 2 spell: Searing Ray
   809 | D:2      | Reached skill level 5 in Conjurations
   840 | D:2      | Reached XP level 3. HP: 19/19 MP: 3/10
   911 | D:2      | Found a shadowy altar of Dithmenos.
  1557 | D:3      | Noticed Grinder
  1557 | D:3      | Noticed Ijyb
  1684 | D:3      | Reached XP level 4. HP: 24/24 MP: 7/11
  1738 | D:3      | Killed Ijyb
  1792 | D:3      | Paralysed by Grinder for 2 turns
  1929 | D:3      | Killed Grinder
  1929 | D:3      | Reached skill level 6 in Conjurations
  1929 | D:3      | Reached XP level 5. HP: 28/28 MP: 3/14
  1929 | D:3      | Reached XP level 6. HP: 32/32 MP: 3/15
  2037 | D:3      | Noticed Natasha
  2042 | D:3      | Killed Natasha
  2042 | D:3      | Reached skill level 5 in Spellcasting
  2157 | D:3      | Noticed a +0 hand axe
  2157 | D:3      | Noticed a +0 dagger
  2161 | D:3      | Found a hide-covered altar of Uskayaw.
  2176 | D:3      | Became a worshipper of Uskayaw the Reveler
  2226 | D:3      | Noticed Natasha
  2229 | D:3      | Reached * piety under Uskayaw
  2230 | D:3      | Killed Natasha
  2236 | D:3      | Noticed Natasha
  2239 | D:3      | Reached ** piety under Uskayaw
  2240 | D:3      | Killed Natasha
  2431 | D:4      | Noticed Purgy
  2435 | D:4      | Killed Purgy
  2435 | D:4      | Reached skill level 7 in Conjurations
  2435 | D:4      | Reached skill level 1 in Invocations
  2435 | D:4      | Reached *** piety under Uskayaw
  2446 | D:4      | Noticed Blork the orc
  2450 | D:4      | Killed Blork the orc
  2450 | D:4      | Reached XP level 7. HP: 36/36 MP: 8/17
  2536 | D:4      | Got an encrusted flail
  2536 | D:4      | Identified the +6 flail "Banisher" {elec, rF+ Str+3} (You
                  | found it on level 4 of the Dungeon)
  2629 | D:4      | Reached skill level 5 in Dodging
  2847 | D:4      | Found a staircase to the Ecumenical Temple.
  2902 | Temple   | Entered the Ecumenical Temple
  3241 | D:5      | Entered Level 5 of the Dungeon
  3533 | D:5      | Found a burning altar of Makhleb.
  3535 | D:5      | Found a glowing silver altar of Zin.
  3535 | D:5      | Noticed an angel
  3536 | D:5      | Noticed a cacodemon
  3562 | D:5      | Got a pitted hunting sling
  3562 | D:5      | Identified the +10 hunting sling of Cataclysm {vorpal, rC-
                  | MR+ Str+2} (You found it on level 5 of the Dungeon)
  3987 | D:5      | Noticed a yak
  3987 | D:5      | Noticed a yak
  3995 | D:5      | Noticed a yak
  3996 | D:5      | Noticed a yak
  3998 | D:5      | Noticed a yak
  3999 | D:5      | Killed a yak
  3999 | D:5      | Reached skill level 8 in Conjurations
  4000 | D:5      | Noticed a yak
  4000 | D:5      | Reached **** piety under Uskayaw
  4001 | D:5      | Killed a yak
  4001 | D:5      | Reached XP level 8. HP: 30/41 MP: 9/18
  4002 | D:5      | Reached ***** piety under Uskayaw
  4003 | D:5      | Reached skill level 9 in Conjurations
  4321 | D:6      | Noticed a troll
  4328 | D:6      | Killed a troll
  4390 | D:6      | Reached skill level 10 in Conjurations
  4390 | D:6      | Reached skill level 5 in Invocations
  4423 | D:6      | Reached XP level 9. HP: 45/45 MP: 15/19
  4614 | D:6      | Demolished by an orc warrior

Illustrated notes

Levels and vault maps discovered:
D:1:      dpeg_arrival_round_a, layout_basic
D:2:      layout_loops_ring, grunt_dithmenos_smoke_and_mirrors,
          wander_ebering_terrifying_dragon_lair
D:3:      layout_rooms, dancing_weapons_uskayaw, uniq_grinder, uniq_ijyb,
          uniq_natasha
D:4:      layout_loops_ring, minmay_temple_entry_arrows, uniq_blork_the_orc,
          uniq_purgy
D:5:      layout_basic, grunt_temple_overflow_order_and_chaos_2, minmay_holes,
          minmay_misc_feat_encased, minmay_tree_intersection
D:6:      layout_basic
Temple:   eino_narrow_crystal_temple

Skill      XL: |  1  2  3  4  5  6  7  8 |
---------------+-------------------------+-----
Conjurations   | 5 6 7 8 10 | 10.2
Dodging        | 3 4 6 7 |  7.4
Spellcasting   | 4 5 |  5.5
Invocations    | 1 3 5 |  5.2
Stealth        | |  2.4

Action                   |  1- 3 |  4- 6 |  7- 9 || total
-------------------------+-------+-------+-------++-------
Melee: Flail             |       |       |     9 ||     9
 Cast: Magic Dart        |    54 |    37 |    18 ||   109
       Searing Ray       |     2 |     7 |    30 ||    39
  Use: Scroll            |       |     1 |       ||     1
 Stab: Paralysed         |       |       |     1 ||     1
Armor: Robe              |       |       |     7 ||     7
Dodge: Dodged            |     6 |     3 |    22 ||    31

Table legend: (Time is in decaauts)
 A = Elapsed time spent in this place.
 B = Non-inter-level travel time spent in this place.
 C = Inter-level travel time spent in this place.
 D = Time resting spent in this place.
 E = Time spent auto-exploring this place.
 F = Levels seen in this place.
 G = Mean time per level.
                   A        B        C        D        E       F      G
               +--------+--------+--------+--------+--------+-----+--------+
         Total |   4616 |   4451 |    165 |     87 |   3858 |   7 |  659.4 |
       Dungeon |   4614 |   4449 |    165 |     87 |   3858 |   6 |  769.0 |
        Temple |      1 |      1 |      0 |      0 |      0 |   1 |    1.0 |
               +--------+--------+--------+--------+--------+-----+--------+

Top non-repeatable levels by time:
     D:5: 1036 daAuts
     D:2: 1015 daAuts
     D:3: 871 daAuts
     D:4: 817 daAuts
     D:1: 536 daAuts
     D:6: 336 daAuts
  Temple: 1 daAuts
